AoeStats
← kuroba

Black Forest

505198398Analyzed
1v1 RM · 25d ago on Sep 8, 2026· 33m 54s· 2 players
Game mode
Random Map
Map size
Tiny (2 player)
Population
200
Speed
Normal
Resources
Standard
Victory
Conquest
Starting age
Dark Age
Ending age
Imperial Age
RankedLock teamsTeams togetherTeam positionsShared explorationLock speedFull tech treeHidden civsTurbo modeCheats
Victory
Defeat
🇵🇹 Celts · Portugal
1068
+18
🇪🇸 Sicilians · Spain
1116
-18
juanmorenosalamanca
10:17 Loom
12:15 Feudal Age
13:55 Loom
16:52 Castle Age
15:26 Double-Bit Axe
15:25 Horse Collar
19:25 Bow Saw
23:35 Wheelbarrow
22:52 Town Watch
24:00 Heavy Plow
25:03 Fletching
25:18 Gold Mining
25:20 Stone Mining
26:52 Ballistics
27:22 Bodkin Arrow
28:39 Murder Holes
30:44 Masonry
31:17 Scale Mail Armor
31:28 Forging
32:22 Scale Mail Armor
32:32 Forging
kuroba
1:21 Loom
10:41 Feudal Age
13:20 Wheelbarrow
13:15 Arson
22:01 Castle Age
19:43 Man-at-Arms
20:22 Horse Collar
21:39 Double-Bit Axe
22:29 Scale Mail Armor
22:17 Long Swordsman
22:42 Gambesons
23:06 Heavy Plow
23:04 Town Watch
24:12 Hand Cart
25:51 Chain Mail Armor
26:33 Forging
27:00 Bow Saw
30:27 Iron Casting
Connection lost

Rejoining the realm…

Still unreachable

The connection could not be restored.

Session expired

The server has moved on; the page needs a fresh start.